| TOP OF THE 1ST |
|
South Bend Cubs batting - Pitching for Binghamton Mets : RHP Lawrence Luning
|
|
Pitching: RHP Lawrence Luning
|
|
|
Batting: RHB Jason Ostrom
|
0-0: Ball 1-0: Ball 2-0: Foul Ball, location: 2F 2-1: Ground out 5-3 (Groundball, 5, EV 103.8 MPH)
|
|
Batting: LHB Bill Tardiff
|
0-0: Ball 1-0: Foul Ball, location: 2F 1-1: Called Strike 1-2: Ball 2-2: Ground out 4-3 (Groundball, 4, EV 84.4 MPH)
|
|
Batting: RHB Mike Savage
|
0-0: Ball 1-0: Called Strike 1-1: Swinging Strike 1-2: Strikes out swinging
|
| Top of the 1st over - 0 runs, 0 hits, 0 errors, 0 left on base; South Bend 0 - Binghamton 0 |
| BOTTOM OF THE 1ST |
|
Binghamton Mets batting - Pitching for South Bend Cubs : LHP Nate George
|
|
Pitching: LHP Nate George
|
|
|
Batting: RHB Jake Hansford
|
0-0: Ball 1-0: Called Strike 1-1: Ground out 4-3 (Groundball, 4M, EV 95.0 MPH)
|
|
Batting: RHB Steve Dunaway
|
0-0: Ground out 6-3 (Groundball, 6, EV 103.1 MPH)
|
|
Batting: RHB Andy Solorzano
|
0-0: Ball 1-0: Called Strike 1-1: Swinging Strike 1-2: Foul Ball, location: 2F 1-2: Strikes out swinging
|
| Bottom of the 1st over - 0 runs, 0 hits, 0 errors, 0 left on base; South Bend 0 - Binghamton 0 |
| TOP OF THE 2ND |
|
South Bend Cubs batting - Pitching for Binghamton Mets : RHP Lawrence Luning
|
|
Batting: LHB Mike DiNardo
|
0-0: Swinging Strike 0-1: Called Strike 0-2: Strikes out swinging
|
|
Batting: SHB Benoît Morin
|
0-0: Called Strike 0-1: Ball 1-1: Swinging Strike 1-2: SINGLE (Flyball, 78S, EV 93.8 MPH)
|
|
Batting: LHB Andy Bordeaux
|
0-0: Ball 1-0: Called Strike 1-1: Ball 2-1: Swinging Strike 2-2: SINGLE (Groundball, 13S, EV 67.5 MPH) (infield hit) Benoît Morin to second
|
|
Batting: RHB Omar Novoa
|
0-0: Ball Benoît Morin steals 3rd base Andy Bordeaux to second 1-0: Fly out, F8 (Flyball, 8RXD, EV 97.5 MPH) Runner from 3rd tags up, SCORES, no throw by CF
|
|
Batting: RHB John Madden
|
0-0: Called Strike 0-1: Ball 1-1: Ball 2-1: Fly out, F8 (Flyball, 8LS, EV 87.5 MPH)
|
| Top of the 2nd over - 1 run, 2 hits, 0 errors, 1 left on base; South Bend 1 - Binghamton 0 |
| BOTTOM OF THE 2ND |
|
Binghamton Mets batting - Pitching for South Bend Cubs : LHP Nate George
|
|
Batting: RHB Chris Nelson
|
0-0: Called Strike 0-1: Ball 1-1: Fly out, F9 (Flyball, 9D, EV 98.8 MPH)
|
|
Batting: RHB Shawn Mathews
|
0-0: Ball 1-0: SINGLE (Groundball, 6M, EV 107.5 MPH) (infield hit)
|
|
Batting: LHB Nate Trahan
|
0-0: Called Strike 0-1: Ball 1-1: Called Strike 1-2: Ball 2-2: Strikes out swinging
|
|
Batting: LHB Willie Cintron
|
0-0: Ball 1-0: Swinging Strike 1-1: Called Strike 1-2: Foul Ball, location: 2F 1-2: Single, Error in OF, E7, batter to second base (Groundball, 56D, EV 103.8 MPH) Shawn Mathews to third
|
|
Pitching: RHP Jean-Paul Lefebvre
|
|
|
Batting: RHB Dave Conde
|
0-0: Ball 1-0: Foul Ball, location: 2F 1-1: Foul Ball, location: 2F 1-2: Foul Ball, location: 2F 1-2: Ball 2-2: Strikes out swinging
|
| Bottom of the 2nd over - 0 runs, 2 hits, 1 error, 2 left on base; South Bend 1 - Binghamton 0 |
| TOP OF THE 3RD |
|
South Bend Cubs batting - Pitching for Binghamton Mets : RHP Lawrence Luning
|
|
Batting: SHB Alvaro Andrade
|
0-0: Called Strike 0-1: Ball 1-1: Ball 2-1: Foul Ball, location: 2F 2-2: Foul Ball, location: 2F 2-2: Ball 3-2: Foul Ball, location: 2F 3-2: Foul Ball, location: 2F 3-2: Base on Balls
|
|
Batting: RHB Jason Ostrom
|
0-0: Ball 1-0: Grounds into double play, 6-4-3 (Groundball, 6, EV 107.5 MPH)
|
|
Batting: LHB Bill Tardiff
|
0-0: Ball 1-0: Ground out 6-3 (Groundball, 6, EV 87.5 MPH)
|
| Top of the 3rd over - 0 runs, 0 hits, 0 errors, 0 left on base; South Bend 1 - Binghamton 0 |
| BOTTOM OF THE 3RD |
|
Binghamton Mets batting - Pitching for South Bend Cubs : RHP Jean-Paul Lefebvre
|
|
Batting: LHB Elmo Dreier
|
0-0: SINGLE (Groundball, 56S, EV 65.6 MPH) (infield hit)
|
|
Batting: RHB Jake Hansford
|
0-0: Ball 1-0: Swinging Strike 1-1: Ball Elmo Dreier steals 2nd base 2-1: Ball 3-1: Base on Balls
|
|
Batting: RHB Steve Dunaway
|
0-0: Swinging Strike 0-1: Called Strike 0-2: Ball 1-2: Grounds into double play, 6-4-3 (Groundball, 6, EV 87.5 MPH) Elmo Dreier to third
|
|
Batting: RHB Andy Solorzano
|
0-0: Called Strike 0-1: Ball 1-1: Called Strike 1-2: SINGLE (Groundball, 34D, EV 101.9 MPH) Elmo Dreier scores
|
|
Pitching: RHP Daniel Sullivan
|
|
|
Batting: RHB Chris Nelson
|
0-0: Fly out, F7 (Flyball, 78D, EV 106.9 MPH)
|
| Bottom of the 3rd over - 1 run, 2 hits, 0 errors, 1 left on base; South Bend 1 - Binghamton 1 |
| TOP OF THE 4TH |
|
South Bend Cubs batting - Pitching for Binghamton Mets : RHP Lawrence Luning
|
|
Batting: RHB Mike Savage
|
0-0: Ball 1-0: Swinging Strike 1-1: Ball 2-1: Foul Ball, location: 2F 2-2: Ball 3-2: Base on Balls
|
|
Batting: LHB Mike DiNardo
|
0-0: Ball 1-0: Ball 2-0: Foul Ball, location: 2F 2-1: Foul Ball, location: 2F 2-2: SINGLE (Groundball, 4MD, EV 98.8 MPH) Mike Savage to second
|
|
Batting: SHB Benoît Morin
|
0-0: Called Strike 0-1: SINGLE (Line Drive, 6D, EV 95.0 MPH) Mike Savage to third Mike DiNardo to second
|
|
Batting: LHB Andy Bordeaux
|
0-0: Ball 1-0: Fielders Choice at 2nd, 6-4 (Groundball, 6, EV 87.5 MPH) Mike Savage scores Mike DiNardo to third
|
|
Batting: RHB Omar Novoa
|
0-0: Called Strike 0-1: Ball 1-1: Called Strike 1-2: Ground out 6-3 (Groundball, P, EV 85.0 MPH) Mike DiNardo scores Andy Bordeaux to second
|
|
Batting: RHB John Madden
|
0-0: Ground out 3-1 (Groundball, 34S, EV 76.9 MPH)
|
| Top of the 4th over - 2 runs, 2 hits, 0 errors, 1 left on base; South Bend 3 - Binghamton 1 |
| BOTTOM OF THE 4TH |
|
Binghamton Mets batting - Pitching for South Bend Cubs : RHP Daniel Sullivan
|
|
Batting: RHB Shawn Mathews
|
0-0: Ball 1-0: Ball 2-0: Ground out 6-3 (Groundball, 6M, EV 87.5 MPH)
|
|
Batting: LHB Nate Trahan
|
0-0: Called Strike 0-1: Ball 1-1: Ball 2-1: Ball 3-1: Called Strike 3-2: SINGLE (Line Drive, 7S, EV 105.0 MPH)
|
|
Batting: LHB Willie Cintron
|
0-0: Foul Ball, location: 2F 0-1: Swinging Strike 0-2: Foul Ball, location: 2F 0-2: SINGLE (Line Drive, 9S, EV 101.3 MPH) Nate Trahan to second
|
|
Batting: RHB Dave Conde
|
0-0: Foul Ball, location: 2F 0-1: SINGLE (Line Drive, 4D, EV 93.8 MPH) Nate Trahan to third Willie Cintron to second
|
|
Batting: LHB Elmo Dreier
|
0-0: Ball 1-0: Called Strike 1-1: Grounds into double play, 6-4-3 (Groundball, 6S, EV 85.6 MPH)
|
| Bottom of the 4th over - 0 runs, 3 hits, 0 errors, 2 left on base; South Bend 3 - Binghamton 1 |
| TOP OF THE 5TH |
|
South Bend Cubs batting - Pitching for Binghamton Mets : RHP Lawrence Luning
|
|
Batting: SHB Alvaro Andrade
|
0-0: Swinging Strike 0-1: Ball 1-1: Called Strike 1-2: Strikes out swinging
|
|
Batting: RHB Jason Ostrom
|
0-0: SINGLE (Line Drive, 9S, EV 101.9 MPH)
|
|
Batting: LHB Bill Tardiff
|
0-0: Ball Jason Ostrom is caught stealing 2nd base 2-6 1-0: Called Strike 1-1: Ball 2-1: SINGLE (Groundball, 56D, EV 95.0 MPH)
|
|
Batting: RHB Mike Savage
|
0-0: Ball Bill Tardiff steals 2nd base 1-0: Ball 2-0: Ball 3-0: Called Strike 3-1: Called Strike 3-2: Foul Ball, location: 2F 3-2: Fly out, F6 (Line Drive, 6, EV 77.5 MPH)
|
| Top of the 5th over - 0 runs, 2 hits, 0 errors, 1 left on base; South Bend 3 - Binghamton 1 |
| BOTTOM OF THE 5TH |
|
Binghamton Mets batting - Pitching for South Bend Cubs : RHP Daniel Sullivan
|
|
Pitching: RHP Devin Ward
|
|
|
Batting: RHB Jake Hansford
|
0-0: Foul Ball, location: 2F 0-1: Ball 1-1: Swinging Strike 1-2: Strikes out looking
|
|
Batting: RHB Steve Dunaway
|
0-0: Called Strike 0-1: Ball 1-1: Foul Ball, location: 2F 1-2: Ball 2-2: Fly out, F4 (Popup, 4, EV 65.0 MPH)
|
|
Batting: RHB Andy Solorzano
|
0-0: Ball 1-0: Ball 2-0: Ball 3-0: Base on Balls
|
|
Batting: RHB Chris Nelson
|
0-0: Called Strike 0-1: Ball 1-1: Ball 2-1: Ball 3-1: Foul Ball, location: 2F 3-2: Base on Balls Andy Solorzano to second
|
|
Pitching: RHP Jason Scott
|
|
|
Batting: RHB Shawn Mathews
|
0-0: Swinging Strike 0-1: Fielders Choice at 2nd, 5-4 (Groundball, 56, EV 86.9 MPH)
|
| Bottom of the 5th over - 0 runs, 0 hits, 0 errors, 2 left on base; South Bend 3 - Binghamton 1 |
| TOP OF THE 6TH |
|
South Bend Cubs batting - Pitching for Binghamton Mets : RHP Lawrence Luning
|
|
Batting: LHB Mike DiNardo
|
0-0: Called Strike 0-1: Ball 1-1: Called Strike 1-2: Strikes out swinging
|
|
Batting: SHB Benoît Morin
|
0-0: Ball 1-0: Fly out, F9 (Flyball, 9LM, EV 110.6 MPH)
|
|
Batting: LHB Andy Bordeaux
|
0-0: Ball 1-0: Ball 2-0: Foul Ball, location: 2F 2-1: Ground out U3 (Groundball, 34, EV 89.4 MPH)
|
| Top of the 6th over - 0 runs, 0 hits, 0 errors, 0 left on base; South Bend 3 - Binghamton 1 |
| BOTTOM OF THE 6TH |
|
Binghamton Mets batting - Pitching for South Bend Cubs : RHP Jason Scott
|
|
Batting: LHB Nate Trahan
|
0-0: Ball 1-0: Swinging Strike 1-1: Ball 2-1: Called Strike 2-2: Foul Ball, location: 2F 2-2: Ball 3-2: Foul Ball, location: 2F 3-2: Foul Ball, location: 2F 3-2: Base on Balls
|
|
Batting: LHB Willie Cintron
|
0-0: Ball 1-0: Ball 2-0: Foul Ball, location: 2F 2-1: Foul Ball, location: 2F 2-2: Fly out, F9 (Flyball, 9, EV 94.4 MPH)
|
|
Batting: RHB Dave Conde
|
0-0: Ball 1-0: Ball 2-0: Foul Ball, location: 2F 2-1: Reached on error, E5 (Groundball, 56, EV 85.6 MPH) Nate Trahan to second
|
|
Pitching: RHP Eric Allen
|
|
|
Pinch Runner at 2nd Joel Soto:
|
|
|
Batting: LHB Elmo Dreier
|
0-0: Ball 1-0: Ground out 4-3 (Groundball, 4S, EV 68.1 MPH) Joel Soto to third Dave Conde to second
|
|
Pinch Hitting: SHB Alex Orozco
|
0-0: Called Strike 0-1: Ball 1-1: Ball 2-1: Ball 3-1: Base on Balls
|
|
Batting: RHB Steve Dunaway
|
0-0: Fly out, F4 (Popup, 34S, EV 81.3 MPH)
|
| Bottom of the 6th over - 0 runs, 0 hits, 1 error, 3 left on base; South Bend 3 - Binghamton 1 |
| TOP OF THE 7TH |
|
South Bend Cubs batting - Pitching for Binghamton Mets : RHP Lawrence Luning
|
|
Now in CF: Ivan Gonzales
|
|
|
Now in RF: Joel Soto
|
|
|
Batting: RHB Omar Novoa
|
0-0: Ground out 4-3 (Groundball, 4, EV 85.0 MPH)
|
|
Batting: RHB John Madden
|
0-0: Foul Ball, location: 2F 0-1: SINGLE (Groundball, 6D, EV 103.8 MPH)
|
|
Pitching: LHP David Mars
|
|
|
Batting: SHB Alvaro Andrade
|
0-0: Fly out, F9 (Flyball, 9D, EV 105.6 MPH)
|
|
Batting: RHB Jason Ostrom
|
0-0: Called Strike 0-1: Ball 1-1: Ball 2-1: Ball Wild Pitch! John Madden to second 3-1: Base on Balls
|
|
Batting: LHB Bill Tardiff
|
0-0: DOUBLE (Line Drive, 7LM, EV 102.5 MPH) John Madden scores Jason Ostrom to third Runner from 3rd tries for Home, SAFE, throw by LF to home
|
|
Batting: RHB Mike Savage
|
0-0: Called Strike 0-1: SINGLE (Groundball, 34D, EV 105.6 MPH) (infield hit) Bill Tardiff to third
|
|
Batting: LHB Mike DiNardo
|
0-0: Called Strike Mike Savage steals 2nd base 0-1: Ball 1-1: Foul Ball, location: 2F 1-2: Fly out, F7 (Flyball, 7, EV 93.1 MPH)
|
| Top of the 7th over - 2 runs, 3 hits, 0 errors, 2 left on base; South Bend 5 - Binghamton 1 |
| BOTTOM OF THE 7TH |
|
Binghamton Mets batting - Pitching for South Bend Cubs : RHP Eric Allen
|
|
Batting: RHB Andy Solorzano
|
0-0: Ball 1-0: Called Strike 1-1: Ball 2-1: Ball 3-1: Base on Balls
|
|
Batting: RHB Chris Nelson
|
0-0: Ball 1-0: Ball Wild Pitch! Andy Solorzano to second 2-0: Called Strike 2-1: Swinging Strike 2-2: Ball 3-2: Foul Ball, location: 2F 3-2: Base on Balls
|
|
Pitching: RHP Josh Deyo
|
|
|
Batting: RHB Shawn Mathews
|
0-0: Ball 1-0: Ball 2-0: Ball 3-0: Called Strike 3-1: Called Strike 3-2: Foul Ball, location: 2F 3-2: TRIPLE (Groundball, 3L, EV 106.3 MPH) Andy Solorzano scores Chris Nelson scores
|
|
Batting: LHB Joel Soto
|
0-0: Ball 1-0: Foul Ball, location: 2F 1-1: Foul Ball, location: 2F 1-2: Foul Ball, location: 2F 1-2: Foul Ball, location: 2F 1-2: Strikes out looking
|
|
Batting: LHB Willie Cintron
|
0-0: Ball 1-0: Ground out 4-3 (Groundball, 4, EV 91.3 MPH) Shawn Mathews scores
|
|
Batting: RHB Dave Conde
|
0-0: Ball 1-0: Ball 2-0: Called Strike 2-1: SINGLE (Groundball, 6D, EV 104.4 MPH)
|
|
Pitching: LHP Jose Carrillo
|
|
|
Pinch Hitting: RHB Joe Kooyers
|
0-0: Swinging Strike 0-1: Ball 1-1: Swinging Strike 1-2: Foul Ball, location: 2F 1-2: Strikes out looking
|
| Bottom of the 7th over - 3 runs, 2 hits, 0 errors, 1 left on base; South Bend 5 - Binghamton 4 |
| TOP OF THE 8TH |
|
South Bend Cubs batting - Pitching for Binghamton Mets : LHP David Mars
|
|
Pitching: LHP Jonathan Gendron
|
|
|
Now at SS: Tom Prayer
|
|
|
Batting: SHB Benoît Morin
|
0-0: Ball 1-0: Foul Ball, location: 2F 1-1: Ball 2-1: Called Strike 2-2: Reached on error, E3 (Groundball, 3, EV 108.8 MPH)
|
|
Batting: LHB Andy Bordeaux
|
0-0: Ball 1-0: Bunt missed! 1-1: Sac Bunt to 13S - play at first, batter OUT! 1-4 Benoît Morin to second
|
|
Batting: RHB Omar Novoa
|
0-0: Ball 1-0: Swinging Strike 1-1: Ball 2-1: Foul Ball, location: 2F 2-2: Foul Ball, location: 2F 2-2: Ball 3-2: Strikes out swinging
|
|
Batting: RHB John Madden
|
0-0: Called Strike 0-1: Called Strike 0-2: Ball 1-2: Ground out 6-3 (Groundball, 6, EV 80.6 MPH)
|
| Top of the 8th over - 0 runs, 0 hits, 1 error, 1 left on base; South Bend 5 - Binghamton 4 |
| BOTTOM OF THE 8TH |
|
Binghamton Mets batting - Pitching for South Bend Cubs : LHP Jose Carrillo
|
|
Batting: RHB Ivan Gonzales
|
0-0: Foul Ball, location: 2F 0-1: Foul Ball, location: 2F 0-2: Foul Ball, location: 2F 0-2: Ball 1-2: Ball 2-2: SOLO HOME RUN (Flyball, 9D, EV 98.1 MPH), Distance : 377 ft
|
|
Batting: RHB Steve Dunaway
|
0-0: Ball 1-0: Foul Ball, location: 2F 1-1: Ground out 5-3 (Groundball, 56, EV 95.0 MPH)
|
|
Batting: RHB Andy Solorzano
|
0-0: Ball 1-0: Ball 2-0: Ball 3-0: Called Strike 3-1: Base on Balls
|
|
Pitching: LHP Andres Lobato
|
|
|
Batting: RHB Chris Nelson
|
0-0: Called Strike 0-1: Ball 1-1: SINGLE (Groundball, 56S, EV 67.5 MPH) (infield hit) Andy Solorzano to second
|
|
Pinch Runner at 2nd Bill Larsen:
|
|
|
Batting: RHB Shawn Mathews
|
0-0: Ball 1-0: Swinging Strike Passed Ball! Bill Larsen to third Chris Nelson to second 1-1: Intentional Walk
|
|
Batting: LHB Joel Soto
|
0-0: Called Strike 0-1: Called Strike 0-2: Ball 1-2: Ball 2-2: Ball 3-2: Base on Balls Bill Larsen scores Chris Nelson to third Shawn Mathews to second
|
|
Batting: LHB Willie Cintron
|
0-0: Ball 1-0: Ball 2-0: Ball 3-0: Called Strike 3-1: Base on Balls Chris Nelson scores Shawn Mathews to third Joel Soto to second
|
|
Batting: RHB Dave Conde
|
0-0: Foul Ball, location: 2F 0-1: Foul Ball, location: 2F 0-2: SINGLE (Line Drive, 34, EV 96.3 MPH) Shawn Mathews scores Joel Soto to third Willie Cintron to second Runner from 3rd tries for Home, SAFE, throw by RF to home
|
|
Batting: LHB Tom Prayer
|
0-0: Ball 1-0: Ball 2-0: Ball 3-0: Base on Balls Willie Cintron to third Dave Conde to second
|
|
Batting: RHB Ivan Gonzales
|
0-0: GRAND SLAM HOME RUN (Flyball, 7D, EV 96.3 MPH), Distance : 374 ft
|
|
Batting: RHB Steve Dunaway
|
0-0: SINGLE (Groundball, 25, EV 65.6 MPH) (infield hit)
|
|
Batting: RHB Bill Larsen
|
0-0: TRIPLE (Line Drive, 9LD, EV 100.6 MPH) Steve Dunaway scores
|
|
Pitching: LHP Shuan-yan Wu
|
|
|
Batting: RHB Chris Nelson
|
0-0: Ball 1-0: Called Strike 1-1: Swinging Strike 1-2: Ball 2-2: Ball 3-2: SINGLE (Groundball, 6MS, EV 69.4 MPH) (infield hit) Bill Larsen scores
|
|
Batting: RHB Shawn Mathews
|
0-0: Ball 1-0: Called Strike 1-1: Fly out, F9 (Flyball, 89M, EV 84.4 MPH)
|
|
Batting: LHB Joel Soto
|
0-0: Called Strike 0-1: Ball 1-1: Foul Ball, location: 2F 1-2: Foul Ball, location: 2F 1-2: Ball 2-2: Ball 3-2: Fly out, F8 (Line Drive, 8LD, EV 109.4 MPH)
|
| Bottom of the 8th over - 11 runs, 7 hits, 0 errors, 1 left on base; South Bend 5 - Binghamton 15 |
| TOP OF THE 9TH |
|
South Bend Cubs batting - Pitching for Binghamton Mets : LHP Jonathan Gendron
|
|
Now at 3B: Bill Larsen
|
|
|
Batting: SHB Alvaro Andrade
|
0-0: Foul Ball, location: 2F 0-1: Ball 1-1: Swinging Strike 1-2: Strikes out swinging
|
|
Batting: RHB Jason Ostrom
|
0-0: Ball 1-0: Swinging Strike 1-1: Swinging Strike 1-2: Strikes out swinging
|
|
Batting: LHB Bill Tardiff
|
0-0: Called Strike 0-1: Ball 1-1: Swinging Strike 1-2: SINGLE (Groundball, 34D, EV 97.5 MPH)
|
|
Batting: RHB Mike Savage
|
0-0: Ball 1-0: Ball 2-0: Called Strike 2-1: Foul Ball, location: 2F 2-2: Foul Ball, location: 2F 2-2: Strikes out swinging
|
| Top of the 9th over - 0 runs, 1 hit, 0 errors, 1 left on base; South Bend 5 - Binghamton 15 |
|